 Dungeon Crawl Stone Soup version 0.23-a0-837-ga3e6480 (webtiles) character file.

126 wilfster70 the Sneak (level 5, -1/35 HPs)
             Began as a Halfling Assassin on Jan 24, 2019.
             Slain by a gnoll
             ... wielding a +0 spear
              (10 damage)
             ... on level 2 of the Dungeon.
             The game lasted 00:07:43 (3048 turns).

wilfster70 the Sneak (Halfling Assassin)            Turns: 3048, Time: 00:07:44

Health: -1/35      AC:  4    Str: 12    XL:     5   Next: 32%
Magic:  5/5        EV: 14    Int: 10    God:
Gold:   78         SH:  0    Dex: 16    Spells: 4/4 levels left

rFire    . . .     SeeInvis .   a - +2 dagger
rCold    . . .     Gourm    .   (shield restricted)
rNeg     . . .     Faith    .   c - +0 robe
rPois    .         Spirit   .   (no helmet)
rElec    .         Reflect  .   d - +0 cloak
rCorr    .         Harm     .   (no gloves)
MR       .....                  k - +0 pair of boots
Stlth    +++.......             (no amulet)
HPRegen  0.11/turn              (no ring)
MPRegen  0.09/turn              (no ring)

@: no status effects
A: small, mutation resistance 1
a: no special abilities


You were on level 2 of the Dungeon.
You were near starving.

You visited 1 branch of the dungeon, and saw 3 of its levels.

You collected 78 gold pieces.

Inventory:

Hand Weapons
 a - a +2 dagger (weapon)
 b - a +0 blowgun
Missiles
 e - 16 poisoned needles
 f - 2 curare-tipped needles
 l - 2 needles of sleeping
 n - 45 stones (quivered)
 o - 11 sling bullets
Armour
 c - a +0 robe (worn)
 d - a +0 cloak (worn)
 k - a +0 pair of boots (worn)
Scrolls
 i - a scroll of identify {unknown}
 m - 2 scrolls of teleportation {unknown}
 p - a scroll of blinking {unknown}
Potions
 h - a potion of ambrosia {unknown}
 j - 3 potions of curing {unknown}
 q - a potion of heal wounds
Comestibles
 g - a ration


   Skills:
 + Level 2.7 Fighting
 - Level 2.4 Short Blades
 * Level 3.8 Throwing
 - Level 1.1 Dodging
 + Level 5.2 Stealth


You had 4 spell levels left.
You didn't know any spells.
Your spell library was empty.

Dungeon Overview and Level Annotations

Branches:
Dungeon (3/15)

Altars:


Innate Abilities, Weirdness & Mutations

You are small and have problems with some larger weapons.
You are somewhat resistant to further mutation.


Message History

The gnoll closely misses you.
You hit the gnoll.
The gnoll is heavily wounded.
The gnoll hits you but does no damage. The gnoll misses you.
You hit the gnoll.
The gnoll is heavily wounded.
The gnoll misses you. The gnoll hits you but does no damage.
You hit the gnoll.
The gnoll is almost dead.
The gnoll hits you with a +0 spear.
The gnoll hits you from afar with a +0 spear.
You hit the gnoll.
You kill the gnoll!
The gnoll hits you from afar with a +0 spear.
* * * LOW HITPOINT WARNING * * *
The gnoll barely misses you.
You see here a +0 spear.
The gnoll barely misses you.
The gnoll hits you from afar with a +0 spear!
You die...

.#.#.#g#.#..[............#.##.. #
#.#.#g#.#...)###...............##
.#.#g#.#.##..# #.......###.##....
#.#K#.#.#.#..# #.$..g.......>.. #
....########.###...###<.......
##### #..##.#.###.###..#####
##.##g......###..####.
#..#g#.###.........'.
##.#@####.......####. #..(#
#..###..# #. ##### ##..# #..#
#.## #. ##...######..####..# #.#
#. #.......[##.>......# #.# #.
#....###<####.####.# #.# #.
##..## #.# #.# #.# #.# #. ♣....♣
#.####.####.###.### #. ♣♣..)♣
#.................# #.


You could see 2 gnolls.

Vanquished Creatures
  Crazy Yiuf (D:2)
  3 gnolls
  An adder (D:2)
  A worm (D:2)
  3 dart slugs
  2 leopard geckos (D:2)
  5 bats
  2 giant cockroaches
  4 goblins
  6 hobgoblins
  2 quokkas
  A ball python (D:1)
  12 frilled lizards
  6 kobolds
  3 rats
52 creatures vanquished.

Notes
Turn   | Place    | Note
-------+----------+-------------------------------------------
     0 | D:1      | wilfster70 the Halfling Assassin began the quest for the
                  | Orb.
     0 | D:1      | Reached XP level 1. HP: 14/14 MP: 1/1
   204 | D:1      | Reached XP level 2. HP: 19/19 MP: 2/2
   640 | D:1      | Reached XP level 3. HP: 24/24 MP: 3/3
  1543 | D:2      | Reached XP level 4. HP: 30/30 MP: 4/4
  1816 | D:2      | Found a runed door.
  1821 | D:2      | Noticed Crazy Yiuf
  1864 | D:2      | Killed Crazy Yiuf
  1864 | D:2      | Reached skill level 5 in Stealth
  2107 | D:2      | Reached XP level 5. HP: 15/35 MP: 5/5
  3048 | D:2      | Slain by a gnoll

Vault maps used:
D:1:      dpeg_arrival_tiny_f, nrook_mini_vaults,
          hangedman_abyss_or_decor_lesser_grid, minmay_lizard_pond
D:2:      minmay_chambers_of_ones, chequers_serial_rivers_marsh,
          grunt_decor_one_mirror, minivault_23, uniq_crazy_yiuf_cottage
D:3:      overflow_temple_1_default, first_ration, serial_bayou_pond_a,
          bloody_makhleb

Skill      XL: |  1  2  3  4 |
---------------+-------------+-----
Fighting       | 2 |  2.7
Throwing       | 3 |  3.8
Stealth        | 5 |  5.2
Short Blades   | |  2.4
Dodging        | |  1.1

Action                   |  1- 3 |  4- 6 || total
-------------------------+-------+-------++-------
Melee: Dagger            |   104 |    62 ||   166
 Fire: Blowgun           |       |     9 ||     9
 Stab: Sleeping          |    10 |     3 ||    13
  Eat: Chunk             |     2 |     3 ||     5
Armor: Robe              |    20 |     5 ||    25
Dodge: Dodged            |    66 |    52 ||   118

Table legend:
 A = Non-vault XP
 B = Vault XP
 C = Vault XP percentage of total XP
 D = Non-vault monster count
 E = Vault monster count
 F = Vault count percentage of total count
                 A         B        C        D         E       F
            +---------+---------+-------+---------+---------+-------
      Total |     110 |      71 |  39.2 |      40 |      12 |  23.1
            +---------+---------+-------+---------+---------+-------
        D:1 |      43 |       6 |  12.2 |      25 |       6 |  19.4
        D:2 |      44 |      65 |  59.6 |       9 |       6 |  40.0
        D:3 |      23 |       0 |   0.0 |       6 |       0 |   0.0
            +---------+---------+-------+---------+---------+-------
